Map: 블랙번 - 래더

Players

DPGCure (Cure)

  • Race: Terran Terran

DPGDark (Dark) - Winner!

  • Race: Zerg Zerg
  • League: Master

Event: DreamHack SC2 Masters Last Chance 2022

VOD

Have the link to the VOD?

Description

Time

  • Played on: Dec. 15, 2021, 6:07 a.m.
  • Length: 30:38

All games in this series

Show
View Real Time Build Order
Export as new Build Order

DPGCure Terran 

Build Orders: Reaper Expand, Mech 

Get SALT Encoding   

  12  0:00  SCV  
  13  0:12  SCV  
  14  0:17  Supply Depot  
  14  0:24  SCV  
  15  0:38  SCV  
  15  0:39  Barracks  
  15  0:42  Refinery  
  16  0:50  SCV  
  17  1:02  SCV  
  18  1:14  SCV  
  19  1:25  Reaper  
  19  1:26  Orbital Command  
  20  1:39  Command Center  
  20  1:50  Supply Depot  
  20  1:52  SCV  
  21  1:57  Marine  
  22  2:04  SCV  
  23  2:08  Factory  
  23  2:17  SCV  
  23  2:20  Barracks Reactor  
  23  2:21  Refinery  
  24  2:29  SCV  
  25  2:41  SCV  
  26  2:51  Orbital Command  
  26  2:53  Starport, SCV  
  27  3:00  Hellion x2  
  27  3:05  SCV, Marine  
  33  3:18  SCV  
  35  3:20  SCV  
  35  3:23  Hellion x2  
  35  3:25  Supply Depot  
  39  3:31  Fusion Core  
  39  3:32  Marine  
  39  3:33  SCV x2  
  42  3:45  SCV  
  42  3:46  SCV  
  42  3:47  Starport Tech Lab  
  44  3:58  Command Center  
  44  3:59  SCV x2  
  46  4:07  Supply Depot  
  46  4:12  SCV x2  
  48  4:19  Battlecruiser  
  48  4:23  Supply Depot  
  54  4:29  SCV x2  
  56  4:32  Refinery x2  
  56  4:37  Hellion  
  56  4:38  Hellion  
  60  4:41  SCV x2  
  62  4:53  SCV x2  
  65  5:01  Hellion x2, Factory  
  65  5:04  Factory  
  65  5:05  SCV x2  
  70  5:12  Orbital Command  
  70  5:17  SCV x2  
  72  5:25  Battlecruiser  
  78  5:31  Supply Depot  
  78  5:37  SCV x2  
  78  5:38  Hellion x2  
  84  5:53  Factory Tech Lab x2  
  84  5:54  SCV x2  
  81  6:02  Hellion x2  
  75  6:05  SCV  
  75  6:06  SCV x2  
  75  6:10  Armory  
  76  6:12  Infernal Pre-Igniter, Engineering Bay, Armory  
  76  6:16  Cyclone x2  
  82  6:20  SCV x2  
  82  6:21  SCV  
  82  6:22  Supply Depot  
  82  6:23  Supply Depot  
  85  6:27  Widow Mine x2  
  85  6:29  Orbital Command  
  89  6:35  SCV x2  
  90  6:52  Refinery  
  90  6:53  Hellion  
  90  6:54  Hellion  
  92  6:55  Refinery  
  92  6:59  Missile Turret, SCV  
  92  7:00  SCV  
  93  7:02  SCV  
  93  7:03  Weapon Refit  
  93  7:05  Refinery  
  94  7:08  Missile Turret  
  94  7:10  Missile Turret  
  94  7:11  Missile Turret, Cyclone x2  
  94  7:13  SCV x2  
  94  7:14  SCV  
  94  7:15  Missile Turret  
  103  7:20  Terran Vehicle Weapons Level 1, Terran Vehicle And Ship Armor Level 1  
  103  7:29  Hellion x2  
  107  7:31  Supply Depot  
  107  7:33  SCV x2  
  109  7:40  Supply Depot  
  109  7:41  Supply Depot  
  109  7:53  SCV, Siege Tank x2  
  109  7:56  Supply Depot  
  116  8:02  Hellion x2, Battlecruiser  
  125  8:07  Hellion, Mag-Field Accelerator  
  125  8:12  Factory  
  125  8:18  Factory  
  125  8:22  Missile Turret, SCV x3  
  125  8:23  Missile Turret  
  124  8:27  Hellion x2  
  124  8:29  Siege Tank  
  124  8:30  Siege Tank  
  132  8:38  SCV x3  
  129  8:44  Supply Depot, Missile Turret  
  129  8:45  Command Center  
  129  8:56  Missile Turret, Neosteel Armor  
  129  8:58  Factory Tech Lab  
  129  9:00  Missile Turret  
  127  9:03  Thor  
  127  9:09  Thor  
  139  9:15  Hellion x2  
  139  9:20  Missile Turret, Starport Reactor  
  139  9:26  Missile Turret  
  139  9:27  Terran Vehicle Weapons Level 2  
  139  9:29  Missile Turret, Factory Reactor  
  139  9:34  Terran Vehicle And Ship Armor Level 2  
  139  9:39  Hellion x3  
  145  9:49  Supply Depot x2  
  141  10:01  Siege Tank x3  
  141  10:02  Viking  
  141  10:06  Hellion x3  
  158  10:09  Missile Turret  
  156  10:16  Hellion  
  156  10:21  Missile Turret, Planetary Fortress  
  158  10:22  SCV x3  
  158  10:25  Missile Turret  
  161  10:30  Command Center  
  161  10:31  Factory  
  161  10:34  Factory, SCV x3  
  162  10:36  Hi-Sec Auto Tracking  
  162  10:38  Factory  
  157  10:51  Siege Tank x2  
  157  10:55  Hellion x4, SCV x2  
  157  10:56  SCV  
  166  10:57  Refinery  
  166  10:58  Refinery  
  166  11:05  Command Center  
  166  11:10  SCV x3  
  163  11:12  SCV  
  163  11:15  Viking x2  
  168  11:20  Factory Reactor  
  168  11:22  Factory Tech Lab  
  168  11:28  SCV x4  
  168  11:32  Thor  
  178  11:40  SCV  
  178  11:45  Supply Depot  
  179  11:47  Supply Depot, Thor  
  166  12:02  Siege Tank x2  
  166  12:04  Viking x2  
  166  12:07  Hellion x2  
  176  12:20  Siege Tank, Thor  
  185  12:24  Hellion x3  
  185  12:25  Hellion  
  167  12:38  Viking x2  
  167  12:40  SCV x2  
  167  12:41  SCV x2  
  175  12:47  Sensor Tower  
  175  12:49  Factory Tech Lab  
  175  12:53  Missile Turret  
  162  13:09  Siege Tank x2, Command Center  
  162  13:10  Hellion x2  
  172  13:14  Thor  
  172  13:15  Planetary Fortress  
  178  13:21  Factory Tech Lab  
  178  13:25  Hellion  
  178  13:26  Hellion  
  182  13:28  Terran Vehicle Weapons Level 3  
  182  13:32  Terran Vehicle And Ship Armor Level 3  
  180  13:36  Siege Tank  
  183  13:47  Siege Tank  
  183  13:48  Siege Tank x2  
  192  13:53  Refinery x2  
  192  13:55  Smart Servos, Drilling Claws  
  196  14:10  Hellion x4  
  169  14:18  Siege Tank  
  169  14:19  Hellion x2  
  169  14:20  Hellion, Siege Tank  
  169  14:22  Planetary Fortress  
  184  14:27  Command Center  
  184  14:35  Liberator x2  
  190  14:42  Thor  
  190  14:47  Siege Tank, Cyclone  
  190  14:48  Hellion x2  
  200  14:59  Siege Tank x2  
  200  15:04  SCV x4  
  197  15:19  Cyclone  
  197  15:20  Siege Tank  
  194  15:31  Cyclone x2  
  195  15:36  Hellion, Cyclone  
  183  15:50  Hellion x4  
  183  15:51  Cyclone  
  183  15:52  Cyclone  
  183  15:53  SCV x3  
  193  16:03  Cyclone x2  
  196  16:08  Cyclone  
  199  16:17  Hellion  
  196  16:29  Hellion, Planetary Fortress, Cyclone  
  192  16:35  Cyclone x2  
  198  16:43  Cyclone x2  
  178  16:48  Hellion x2  
  178  16:49  Hellion x2  
  178  16:52  Widow Mine  
  178  16:53  Widow Mine  
  176  17:01  Cyclone  
  176  17:07  Cyclone  
  176  17:08  Cyclone  
  185  17:09  Widow Mine, Hellion  
  185  17:10  Hellion, Command Center  
  185  17:14  Hellion x3  
  185  17:15  Cyclone x2  
  144  17:31  Hellion x3  
  144  17:33  Cyclone  
  148  17:39  Cyclone  
  148  17:40  Cyclone  
  154  17:47  Cyclone x2  
  157  17:51  Hellion  
  152  18:05  Cyclone  
  152  18:11  Hellion x2  
  152  18:12  Widow Mine, Cyclone x2  
  152  18:46  Liberator x2  
  158  18:50  Cyclone  
  158  18:51  Hellion x2, Cyclone x2  
  171  18:56  Orbital Command  
  161  19:02  Cyclone  
  161  19:03  Hellion x2, Cyclone, Widow Mine x2  
  161  19:23  Cyclone  
  164  19:29  Liberator x2, Cyclone x2  
  176  19:33  Hellion x3  
  180  19:40  Terran Ship Weapons Level 1  
  174  19:48  Cyclone x2  
  174  19:49  Hellion x2  
  180  19:54  Orbital Command  
  180  19:55  Cyclone  
  177  20:01  Cyclone x2  
  177  20:06  Hellion x2  
  181  20:20  Cyclone x2  
  181  20:21  SCV x3  
  181  20:35  Factory Tech Lab x2  
  166  20:37  Hellion x4  
  166  20:40  Liberator  
  177  20:44  Liberator  
  177  20:49  SCV x3  
  184  20:50  SCV x2, Refinery  
  184  20:51  Refinery  
  182  21:01  SCV x3  
  182  21:02  SCV  
  178  21:18  Hellion x2, Siege Tank x2  
  188  21:19  Refinery  
  188  21:23  Missile Turret  
  182  21:44  Hellion, Siege Tank, Cyclone  
  182  21:45  Hellion x2  
  183  21:50  Cyclone  
  174  21:57  Hellion, Cyclone  
  174  21:58  Hellion x3  
  182  22:03  Missile Turret  
  182  22:09  Command Center  
  182  22:11  Command Center  
  179  22:16  Cyclone x2  
  179  22:22  Cyclone  
  162  22:48  Cyclone x3  
  162  22:49  Hellion x5  
  181  22:54  Missile Turret  
  179  23:10  Cyclone  
  179  23:11  Hellion x2  
  179  23:16  SCV x5  
  181  23:20  Cyclone  
  181  23:26  Liberator  
  187  23:28  SCV x3  
  187  23:29  Orbital Command  
  179  23:42  SCV x3  
  179  23:43  SCV x2  
  166  23:56  Hellion x2, Cyclone x2  
  154  24:19  SCV x2  
  154  24:21  SCV  
  157  24:29  Liberator x2  
  154  24:47  Hellion x2, Siege Tank x2  
  154  24:48  Hellion  
  163  24:57  Orbital Command  
  163  24:59  Hellion  
  168  25:01  Orbital Command  
  165  25:11  Hellion, Missile Turret  
  165  25:13  Missile Turret  
  167  25:20  Liberator, Missile Turret  
  170  25:26  SCV x4  
  174  25:35  Siege Tank  
  166  25:38  Hellion  
  168  25:42  Advanced Ballistics  
  218  25:50  Orbital Command  
  141  26:10  Liberator x2  
  147  26:15  SCV  
  147  26:16  SCV x3  
  151  26:20  Hellion x2, Siege Tank x2  
  157  26:33  Orbital Command  
  157  26:42  Cyclone  
  157  26:43  Hellion x2, Siege Tank  
  164  26:54  Hellion x2  
  164  27:00  Liberator  
  143  27:03  Hellion, Siege Tank, Cyclone  
  143  27:08  Hellion  
  146  27:09  Orbital Command  
  123  27:44  Cyclone x3  
  123  27:45  Hellion x2  
  131  27:56  Cyclone  
  120  28:02  Hellion  
  120  28:03  Orbital Command  
  122  28:07  Hellion  
  122  28:10  Hellion x3  
  125  28:16  Cyclone  
  123  28:20  Cyclone  
  123  28:21  Hellion x3  
  123  28:24  Hellion  
  134  28:28  Hellion  
  134  28:29  Hellion  
  134  28:33  Refinery  
  136  28:36  SCV x2  
  136  28:37  SCV x2, Refinery  
  140  28:41  SCV  
  140  28:42  Cyclone  
  138  29:03  Cyclone  
  126  29:12  Hellion, Cyclone  
  126  29:13  Hellion  
  130  29:23  Hellion x2, Cyclone  
  139  29:24  Hellion  
  138  29:33  Hellion x2  
  127  29:46  Cyclone  
  116  29:54  Hellion  
  101  30:16  Hellion  
Show
View Real Time Build Order
Export as new Build Order

DPGDark Zerg - Winner!

Build Orders: Hatch First, Swarm Host 

Get SALT Encoding   

  12  0:00  Drone  
  13  0:11  Overlord  
  13  0:17  Drone  
  14  0:30  Drone x2  
  16  0:48  Hatchery  
  15  0:51  Drone  
  15  0:55  Drone  
  17  0:58  Drone  
  18  1:08  Extractor  
  17  1:13  Spawning Pool  
  17  1:16  Drone  
  17  1:20  Drone  
  18  1:27  Drone  
  19  1:38  Drone  
  20  1:50  Drone  
  21  2:00  Queen x2  
  27  2:01  Zergling x4  
  27  2:09  Overlord  
  27  2:11  Drone  
  28  2:25  Hatchery  
  28  2:27  Drone  
  28  2:29  Drone  
  29  2:31  Drone  
  29  2:34  Drone  
  30  2:39  Spore Crawler  
  30  2:43  Queen  
  32  2:49  Metabolic Boost  
  32  2:54  Drone x2  
  32  2:57  Overlord  
  34  3:01  Drone  
  35  3:15  Drone  
  35  3:16  Drone  
  35  3:17  Drone x4  
  41  3:20  Queen  
  43  3:31  Overlord  
  43  3:32  Overlord  
  43  3:35  Lair  
  43  3:43  Zergling x6  
  43  3:45  Queen  
  43  3:47  Drone  
  49  3:50  Drone x2  
  49  3:52  Drone  
  49  3:55  Drone, Extractor  
  51  3:56  Drone  
  51  4:02  Queen  
  53  4:03  Drone  
  53  4:05  Drone  
  53  4:07  Drone  
  58  4:13  Drone x4  
  62  4:18  Spore Crawler  
  62  4:19  Drone  
  62  4:22  Zergling x2  
  62  4:23  Queen  
  65  4:28  Extractor  
  65  4:29  Extractor  
  65  4:30  Overlord  
  63  4:31  Drone  
  63  4:32  Drone  
  65  4:42  Spire  
  65  4:43  Drone  
  65  4:51  Drone x3  
  68  4:52  Overseer  
  68  4:57  Zergling x4  
  68  4:58  Drone x2  
  72  5:04  Baneling Nest  
  72  5:06  Drone x2  
  73  5:09  Overlord  
  73  5:12  Overlord  
  73  5:14  Overlord  
  73  5:18  Drone  
  74  5:21  Spore Crawler  
  74  5:22  Drone  
  74  5:27  Drone x4  
  78  5:31  Zergling x10  
  82  5:36  Zergling x6  
  82  5:39  Drone x2  
  82  5:40  Roach Warren  
  84  5:45  Zergling x8  
  68  6:01  Mutalisk x4  
  74  6:07  Mutalisk x2  
  75  6:13  Drone x2  
  75  6:16  Drone, Extractor  
  75  6:17  Drone  
  78  6:21  Drone x2  
  79  6:27  Drone x2  
  79  6:28  Drone  
  82  6:35  Drone x2  
  83  6:41  Overlord  
  83  6:50  Drone x3  
  86  7:01  Mutalisk x5  
  86  7:03  Mutalisk  
  86  7:06  Drone x3  
  101  7:10  Drone  
  101  7:11  Drone, Extractor  
  101  7:15  Drone x2, Extractor  
  104  7:16  Drone  
  104  7:20  Drone  
  105  7:23  Glial Reconstitution  
  105  7:26  Drone  
  105  7:27  Overlord  
  106  7:32  Overlord  
  106  7:34  Overlord  
  106  7:37  Overlord x2  
  106  7:41  Overlord  
  105  7:46  Drone x5  
  110  7:51  Drone x3  
  110  7:52  Drone  
  110  7:54  Drone x2  
  116  8:00  Drone x2  
  116  8:14  Roach x4  
  116  8:15  Roach  
  116  8:18  Roach x2  
  116  8:19  Hatchery  
  129  8:21  Evolution Chamber  
  119  8:31  Roach x2  
  123  8:38  Roach x6  
  135  8:42  Overlord  
  135  8:43  Zergling x4  
  135  8:45  Roach x2  
  135  8:47  Roach x2  
  145  8:53  Drone  
  145  8:54  Drone x3  
  148  8:55  Zerg Flyer Weapons Level 1  
  148  8:57  Zerg Missile Weapons Level 1  
  148  9:00  Overlord  
  148  9:07  Roach  
  148  9:09  Roach x3  
  156  9:10  Roach  
  156  9:15  Roach x2  
  160  9:19  Corruptor  
  160  9:20  Corruptor  
  160  9:23  Drone  
  160  9:24  Drone x2, Extractor  
  165  9:25  Extractor  
  165  9:28  Drone  
  165  9:30  Infestation Pit, Corruptor  
  165  9:35  Drone x4  
  169  9:40  Corruptor  
  169  9:44  Corruptor  
  173  9:46  Overlord  
  173  9:47  Overlord  
  167  9:53  Corruptor x2  
  170  10:00  Drone  
  170  10:02  Corruptor x2  
  170  10:04  Evolution Chamber  
  170  10:05  Overlord  
  173  10:15  Drone  
  173  10:17  Zergling x14  
  191  10:21  Ravager x12  
  191  10:27  Zergling x2  
  191  10:28  Zergling x6  
  195  10:31  Ravager x2  
  195  10:32  Ravager  
  198  10:38  Roach  
  161  10:50  Roach x15  
  186  10:59  Hatchery  
  186  11:00  Corruptor x3  
  173  11:11  Zergling x2  
  173  11:12  Zergling x16  
  182  11:18  Drone  
  182  11:22  Hive, Zerg Missile Weapons Level 2  
  182  11:23  Zerg Melee Weapons Level 1  
  182  11:24  Zerg Flyer Weapons Level 2  
  183  11:28  Overlord  
  183  11:32  Ravager x4  
  187  11:36  Zergling x8  
  189  11:50  Overlord x2  
  168  12:05  Roach x11  
  184  12:11  Zergling x16  
  192  12:17  Hatchery  
  192  12:18  Drone x3  
  192  12:20  Extractor  
  172  12:46  Roach x4  
  172  12:48  Drone  
  172  12:50  Adrenal Glands  
  181  12:53  Baneling Nest  
  157  13:09  Swarm Host x14  
  199  13:15  Ravager x3  
  200  13:21  Pathogen Glands  
  200  13:22  Zerg Melee Weapons Level 2  
  200  13:25  Spine Crawler x2, Extractor  
  200  13:26  Spine Crawler  
  196  13:27  Drone x3, Spine Crawler  
  196  13:28  Drone x2, Spine Crawler  
  196  13:29  Drone, Spine Crawler x2  
  196  13:30  Ravager, Spine Crawler  
  196  13:31  Spine Crawler  
  196  13:45  Centrifugal Hooks  
  196  13:47  Greater Spire  
  194  13:51  Ravager x6  
  198  13:59  Nydus Network  
  197  14:08  Zergling x4  
  199  14:16  Roach x12  
  200  14:23  Zergling x4  
  200  14:26  Neural Parasite  
  200  14:27  Burrow  
  197  14:48  Swarm Host  
  188  15:05  Roach  
  188  15:06  Roach x17  
  199  15:09  Nydus Canal  
  199  15:11  Ravager  
  199  15:13  Zerg Missile Weapons Level 3  
  196  15:30  Ravager  
  189  15:37  Ravager x10  
  199  15:47  Zergling x6  
  193  15:59  Zergling x14  
  193  16:02  Pneumatized Carapace  
  193  16:03  Overlord  
  200  16:07  Baneling x6  
  200  16:13  Nydus Canal  
  200  16:29  Roach x2  
  200  16:32  Ravager  
  199  16:33  Overlord x3  
  199  16:44  Roach  
  199  16:45  Roach x14  
  192  16:54  Roach x9  
  199  16:57  Ravager  
  187  17:09  Nydus Canal  
  140  17:24  Roach x9  
  140  17:25  Roach x5  
  154  17:32  Roach  
  154  17:33  Overseer, Queen x3  
  154  17:34  Queen x2  
  166  17:40  Ravager x2  
  166  17:41  Roach x4  
  166  17:43  Drone  
  177  17:46  Drone x2  
  177  17:49  Drone x2  
  177  17:50  Drone  
  177  17:51  Ravager x6  
  182  18:06  Infestor x4  
  182  18:09  Queen  
  192  18:13  Infestor x2  
  194  18:31  Overlord x2  
  185  18:36  Roach x3  
  185  18:39  Roach x5  
  182  18:51  Overseer  
  181  19:02  Infestor x6  
  187  19:04  Roach  
  187  19:07  Overlord  
  183  19:15  Infestor x2  
  187  19:21  Overlord  
  187  19:30  Nydus Canal  
  187  19:36  Roach x4  
  187  19:37  Roach  
  195  19:43  Ravager x8  
  198  19:47  Overlord  
  198  19:52  Overlord  
  198  20:16  Nydus Canal  
  198  20:23  Hatchery  
  191  20:43  Ravager x5  
  191  20:49  Nydus Canal  
  196  20:53  Drone  
  196  20:54  Drone x3  
  196  20:55  Spine Crawler  
  199  21:02  Spine Crawler  
  199  21:03  Spine Crawler x2  
  186  21:34  Nydus Canal  
  179  21:40  Zergling x16  
  184  21:53  Zergling x24  
  184  21:54  Zerg Melee Weapons Level 3  
  187  22:03  Zergling x2  
  187  22:04  Zergling x10  
  193  22:16  Zergling x14  
  188  22:26  Baneling x7  
  188  22:27  Roach x4  
  194  22:33  Roach x3  
  194  22:36  Baneling x11  
  188  22:37  Baneling x4  
  188  22:45  Roach  
  188  22:46  Roach x2  
  187  22:53  Roach x2  
  187  22:56  Ravager  
  192  23:09  Hatchery  
  192  23:12  Infestor  
  189  23:15  Roach  
  189  23:16  Roach x2  
  177  23:32  Infestor x11  
  175  23:35  Drone x3  
  178  23:43  Drone  
  178  23:44  Drone  
  178  23:47  Drone x2  
  177  24:03  Roach x3  
  177  24:08  Ravager  
  177  24:09  Ravager x2  
  179  24:10  Ravager  
  179  24:15  Drone  
  179  24:34  Spore Crawler  
  179  24:35  Roach x5  
  186  24:50  Zergling x14  
  186  24:51  Zergling x2  
  194  24:53  Extractor  
  193  25:02  Zergling x12  
  199  25:07  Extractor  
  198  25:18  Zergling x4  
  190  25:54  Roach x6  
  199  26:03  Infestor  
  195  26:09  Zergling x2  
  195  26:10  Zergling x12  
  196  26:20  Roach x2  
  200  26:37  Nydus Canal  
  198  26:44  Hatchery  
  192  27:03  Roach x3  
  192  27:08  Drone x2, Infestor  
  198  27:21  Drone x6  
  200  27:48  Roach x8  
  187  28:02  Zergling x14  
  187  28:03  Zergling x12  
  184  28:21  Drone  
  184  28:32  Hatchery  
  179  28:37  Ravager x11  
  190  28:45  Drone  
  191  28:52  Infestor  
  179  29:17  Roach x5  
  187  29:36  Drone x4  
  185  30:06  Roach x2  

Tags
 
Add a new tag
Caveats
  • Supply blocks, unpowered buildings, or Contaminate may cause inaccurate times.
  • Supply counts are checked every 10 seconds.